CAL (WIN)
DUNEDIN BLUE JAYS @ JUPITER HAMMERHEADS
11/27/2046
 
TOP OF THE 1ST
Dunedin Blue Jays batting - Pitching for Jupiter Hammerheads : RHP Jorge Lopez
Pitching: RHP Jorge Lopez
Batting: RHB Justin Geiger 0-0: Ball
1-0: Called Strike
1-1: Swinging Strike
1-2: DOUBLE (Flyball, 89D, EV 101.2 MPH)
Batting: LHB Roger Escareno 0-0: Called Strike
0-1: Ball
1-1: TRIPLE (Flyball, 78XD, EV 92.5 MPH)
Justin Geiger scores
Batting: RHB Bill Murray 0-0: Swinging Strike
0-1: Called Strike
0-2: Strikes out swinging
Batting: LHB Frank Nelson 0-0: Ball
1-0: Called Strike
1-1: Ball
2-1: Swinging Strike
2-2: Ball
3-2: Ground out 5-3 (Groundball, 5L, EV 88.1 MPH)
Batting: RHB Norm Mercer 0-0: Ball
1-0: Foul Ball, location: 2F
1-1: SINGLE (Flyball, 7LS, EV 98.8 MPH)
Roger Escareno scores
Batting: RHB Tokuji Kawabata 0-0: Called Strike
0-1: Swinging Strike
0-2: Ball
1-2: Ball
2-2: Foul Ball, location: 2F
2-2: Foul Ball, location: 2F
2-2: Strikes out swinging
Top of the 1st over - 2 runs, 3 hits, 0 errors, 1 left on base; Dunedin 2 - Jupiter 0
BOTTOM OF THE 1ST
Jupiter Hammerheads batting - Pitching for Dunedin Blue Jays : RHP Scott Lowry
Pitching: RHP Scott Lowry
Batting: LHB David Doge 0-0: Foul Ball, location: 2F
0-1: Ball
1-1: Foul Ball, location: 2F
1-2: Ground out 5-3 (Groundball, 56, EV 103.1 MPH)
Batting: RHB Nick Dunton 0-0: Called Strike
0-1: Ball
1-1: Ball
2-1: Foul Ball, location: 2F
2-2: Foul Ball, location: 2F
2-2: Ball
3-2: Foul Ball, location: 2F
3-2: Ground out 5-3 (Groundball, 56, EV 106.2 MPH)
Batting: RHB Manuel Taveras 0-0: Ball
1-0: Swinging Strike
1-1: Foul Ball, location: 2F
1-2: Fly out, F6 (Flyball, 56D, EV 95.6 MPH)
Bottom of the 1st over - 0 runs, 0 hits, 0 errors, 0 left on base; Dunedin 2 - Jupiter 0
TOP OF THE 2ND
Dunedin Blue Jays batting - Pitching for Jupiter Hammerheads : RHP Jorge Lopez
Batting: RHB Taylor Peavey 0-0: Called Strike
0-1: Ball
1-1: Swinging Strike
1-2: Hit by Pitch
Batting: SHB Dominik Hasek II 0-0: Swinging Strike
0-1: Ball
1-1: Foul Ball, location: 2F
1-2: Strikes out swinging
Batting: RHB Bobby Lasaguna 0-0: Swinging Strike
0-1: Ball
1-1: Ball
2-1: Ball
3-1: Swinging Strike
3-2: Foul Ball, location: 2F
3-2: Fielders Choice at 2nd, 5-4 (Groundball, 56, EV 85.6 MPH)
Batting: RHB Justin Geiger 0-0: Called Strike
Bobby Lasaguna steals 2nd base
0-1: Ball
Wild Pitch!
Bobby Lasaguna to third
1-1: Ball
2-1: Foul Ball, location: 2F
2-2: Ground out 4-3 (Groundball, 4S, EV 86.2 MPH)
Top of the 2nd over - 0 runs, 0 hits, 0 errors, 1 left on base; Dunedin 2 - Jupiter 0
BOTTOM OF THE 2ND
Jupiter Hammerheads batting - Pitching for Dunedin Blue Jays : RHP Scott Lowry
Batting: SHB Matt Moore 0-0: Ball
1-0: Ball
2-0: Called Strike
2-1: Ball
3-1: Foul Ball, location: 2F
3-2: Foul Ball, location: 2F
3-2: Ground out 4-3 (Groundball, 4, EV 89.4 MPH)
Batting: LHB Jose Cabello 0-0: Swinging Strike
0-1: Ball
1-1: Foul Ball, location: 2F
1-2: Strikes out swinging
Batting: RHB Nate Crofts 0-0: Called Strike
0-1: Ball
1-1: Foul Ball, location: 2F
1-2: Foul Ball, location: 2F
1-2: Strikes out looking
Bottom of the 2nd over - 0 runs, 0 hits, 0 errors, 0 left on base; Dunedin 2 - Jupiter 0
TOP OF THE 3RD
Dunedin Blue Jays batting - Pitching for Jupiter Hammerheads : RHP Jorge Lopez
Batting: LHB Roger Escareno 0-0: Fly out, F6 (Popup, 6M, EV 70.6 MPH)
Batting: RHB Bill Murray 0-0: Ground out 1-3 (Groundball, 13S, EV 73.8 MPH)
Batting: LHB Frank Nelson 0-0: Ball
1-0: Called Strike
1-1: Called Strike
1-2: SINGLE (Line Drive, 8LS, EV 91.9 MPH)
Batting: RHB Norm Mercer 0-0: Called Strike
Frank Nelson is caught stealing 2nd base 2-4
Top of the 3rd over - 0 runs, 1 hit, 0 errors, 0 left on base; Dunedin 2 - Jupiter 0
BOTTOM OF THE 3RD
Jupiter Hammerheads batting - Pitching for Dunedin Blue Jays : RHP Scott Lowry
Batting: RHB Jim Fisher 0-0: Called Strike
0-1: Swinging Strike
0-2: Foul Ball, location: 2F
0-2: Ball
1-2: Ball
2-2: Strikes out swinging
Batting: RHB Dennis Coppolino 0-0: Called Strike
0-1: Foul Ball, location: 2F
0-2: Foul Ball, location: 2F
0-2: Strikes out looking
Batting: RHB Pat Proctor 0-0: Ground out 5-3 (Groundball, 5, EV 80.6 MPH)
Bottom of the 3rd over - 0 runs, 0 hits, 0 errors, 0 left on base; Dunedin 2 - Jupiter 0
TOP OF THE 4TH
Dunedin Blue Jays batting - Pitching for Jupiter Hammerheads : RHP Jorge Lopez
Batting: RHB Norm Mercer 0-0: Ball
1-0: Called Strike
1-1: Ball
2-1: Ground out 3-1 (Groundball, 34, EV 93.1 MPH)
Batting: RHB Tokuji Kawabata 0-0: Swinging Strike
0-1: Swinging Strike
0-2: Ball
1-2: Ground out 5-3 (Groundball, 5L, EV 102.5 MPH)
Batting: RHB Taylor Peavey 0-0: Foul Ball, location: 2F
0-1: Foul Ball, location: 2F
0-2: Ball
1-2: Ball
2-2: Ball
3-2: Base on Balls
Batting: SHB Dominik Hasek II 0-0: Called Strike
Taylor Peavey is caught stealing 2nd base 2-6
Top of the 4th over - 0 runs, 0 hits, 0 errors, 0 left on base; Dunedin 2 - Jupiter 0
BOTTOM OF THE 4TH
Jupiter Hammerheads batting - Pitching for Dunedin Blue Jays : RHP Scott Lowry
Batting: LHB David Doge 0-0: Called Strike
0-1: Swinging Strike
0-2: Ball
1-2: Ball
2-2: Strikes out swinging
Batting: RHB Nick Dunton 0-0: Called Strike
0-1: Swinging Strike
0-2: Ball
1-2: Ball
2-2: Foul Ball, location: 2F
2-2: Ground out 6-3 (Groundball, 4M, EV 77.5 MPH)
Batting: RHB Manuel Taveras 0-0: Ball
1-0: Ball
2-0: Called Strike
2-1: Swinging Strike
2-2: Fly out, F7 (Flyball, 7, EV 90.6 MPH)
Bottom of the 4th over - 0 runs, 0 hits, 0 errors, 0 left on base; Dunedin 2 - Jupiter 0
TOP OF THE 5TH
Dunedin Blue Jays batting - Pitching for Jupiter Hammerheads : RHP Jorge Lopez
Batting: SHB Dominik Hasek II 0-0: SINGLE (Groundball, 6S, EV 73.8 MPH) (infield hit)
Batting: RHB Bobby Lasaguna 0-0: Ball
1-0: Called Strike
Dominik Hasek II steals 2nd base
1-1: SINGLE (Line Drive, 8RS, EV 107.5 MPH)
Dominik Hasek II to third
Runner from 3rd tries for Home, throw by CF and OUT! 8-2
Batting: RHB Justin Geiger 0-0: Called Strike
Bobby Lasaguna steals 2nd base
0-1: Ground out 5-3 (Groundball, 5, EV 80.6 MPH)
Batting: LHB Roger Escareno 0-0: Ball
1-0: Called Strike
1-1: Foul Ball, location: 2F
1-2: Ball
2-2: Ball
3-2: Strikes out swinging
Top of the 5th over - 0 runs, 2 hits, 0 errors, 1 left on base; Dunedin 2 - Jupiter 0
BOTTOM OF THE 5TH
Jupiter Hammerheads batting - Pitching for Dunedin Blue Jays : RHP Scott Lowry
Batting: SHB Matt Moore 0-0: Called Strike
0-1: Called Strike
0-2: Foul Ball, location: 2F
0-2: Strikes out swinging
Batting: LHB Jose Cabello 0-0: Called Strike
0-1: Called Strike
0-2: Ball
1-2: Ground out 5-3 (Groundball, 56, EV 84.4 MPH)
Batting: RHB Nate Crofts 0-0: Ball
1-0: Called Strike
1-1: Ball
2-1: Ball
3-1: Called Strike
3-2: Strikes out swinging
Bottom of the 5th over - 0 runs, 0 hits, 0 errors, 0 left on base; Dunedin 2 - Jupiter 0
TOP OF THE 6TH
Dunedin Blue Jays batting - Pitching for Jupiter Hammerheads : RHP Jorge Lopez
Pitching: RHP Joe Lynn
Batting: RHB Bill Murray 0-0: Ball
1-0: Ball
2-0: Called Strike
2-1: Called Strike
2-2: Foul Ball, location: 2F
2-2: Ball
3-2: Base on Balls
Batting: LHB Frank Nelson 0-0: Swinging Strike
0-1: Foul Ball, location: 2F
0-2: Strikes out looking
Batting: RHB Norm Mercer 0-0: Ball
1-0: Called Strike
1-1: Grounds into double play, 5-4-3 (Groundball, 5, EV 106.9 MPH)
Top of the 6th over - 0 runs, 0 hits, 0 errors, 0 left on base; Dunedin 2 - Jupiter 0
BOTTOM OF THE 6TH
Jupiter Hammerheads batting - Pitching for Dunedin Blue Jays : RHP Scott Lowry
Batting: RHB Jim Fisher 0-0: Ball
1-0: Ball
2-0: Swinging Strike
2-1: Ball
3-1: Base on Balls
Batting: RHB Dennis Coppolino 0-0: Ball
1-0: Ball
2-0: Ball
3-0: Called Strike
3-1: Base on Balls
Jim Fisher to second
Batting: RHB Pat Proctor 0-0: Bunted foul
0-1: Ball
1-1: Bunt missed!
1-2: Ball
2-2: Bunt missed, Strikeout!
Pitching: RHP Dave Kurtz
Batting: LHB David Doge 0-0: Ball
1-0: Ball
2-0: Called Strike
2-1: Ball
3-1: Base on Balls
Jim Fisher to third
Dennis Coppolino to second
Batting: RHB Nick Dunton 0-0: Foul Ball, location: 2F
0-1: Swinging Strike
0-2: Strikes out looking
Batting: RHB Manuel Taveras 0-0: Called Strike
0-1: Ball
1-1: Fielders Choice at 2nd, U4 (Groundball, 4M, EV 108.8 MPH)
Bottom of the 6th over - 0 runs, 0 hits, 0 errors, 3 left on base; Dunedin 2 - Jupiter 0
TOP OF THE 7TH
Dunedin Blue Jays batting - Pitching for Jupiter Hammerheads : RHP Joe Lynn
Batting: RHB Tokuji Kawabata 0-0: Fly out, F7 (Flyball, 78S, EV 70.0 MPH)
Batting: RHB Taylor Peavey 0-0: Ball
1-0: Ground out 6-3 (Groundball, 6, EV 83.1 MPH)
Batting: SHB Dominik Hasek II 0-0: Called Strike
0-1: Called Strike
0-2: Ball
1-2: Ball
2-2: Strikes out looking
Top of the 7th over - 0 runs, 0 hits, 0 errors, 0 left on base; Dunedin 2 - Jupiter 0
BOTTOM OF THE 7TH
Jupiter Hammerheads batting - Pitching for Dunedin Blue Jays : RHP Dave Kurtz
Batting: SHB Matt Moore 0-0: Ball
1-0: Called Strike
1-1: Fly out, F8 (Flyball, 8LS, EV 90.6 MPH)
Batting: LHB Jose Cabello 0-0: Ball
1-0: Ball
2-0: Ground out 6-3 (Groundball, 6, EV 86.9 MPH)
Batting: RHB Nate Crofts 0-0: Called Strike
0-1: Foul Ball, location: 2F
0-2: Ball
1-2: Ball
2-2: Foul Ball, location: 2F
2-2: Ball
3-2: Strikes out looking
Bottom of the 7th over - 0 runs, 0 hits, 0 errors, 0 left on base; Dunedin 2 - Jupiter 0
TOP OF THE 8TH
Dunedin Blue Jays batting - Pitching for Jupiter Hammerheads : RHP Joe Lynn
Pitching: LHP Tyler Murders
Batting: RHB Bobby Lasaguna 0-0: Foul Ball, location: 2F
0-1: Ball
1-1: Ground out 5-3 (Groundball, 56, EV 106.2 MPH)
Batting: RHB Justin Geiger 0-0: Ball
1-0: Foul Ball, location: 2F
1-1: Ball
2-1: Ball
3-1: Called Strike
3-2: Strikes out swinging
Batting: LHB Roger Escareno 0-0: Foul Ball, location: 2F
0-1: Foul Ball, location: 2F
0-2: Ball
1-2: Strikes out looking
Top of the 8th over - 0 runs, 0 hits, 0 errors, 0 left on base; Dunedin 2 - Jupiter 0
BOTTOM OF THE 8TH
Jupiter Hammerheads batting - Pitching for Dunedin Blue Jays : RHP Dave Kurtz
Batting: RHB Jim Fisher 0-0: Called Strike
0-1: Ball
1-1: Foul Ball, location: 2F
1-2: Ground out 4-3 (Groundball, 4, EV 81.9 MPH)
Batting: RHB Dennis Coppolino 0-0: Fly out, F8 (Line Drive, 8LM, EV 86.2 MPH)
Batting: RHB Pat Proctor 0-0: Swinging Strike
0-1: Foul Ball, location: 2F
0-2: Strikes out swinging
Bottom of the 8th over - 0 runs, 0 hits, 0 errors, 0 left on base; Dunedin 2 - Jupiter 0
TOP OF THE 9TH
Dunedin Blue Jays batting - Pitching for Jupiter Hammerheads : LHP Tyler Murders
Batting: RHB Bill Murray 0-0: Ball
1-0: Ball
2-0: Called Strike
2-1: Swinging Strike
2-2: Strikes out swinging
Batting: LHB Frank Nelson 0-0: Ball
1-0: Foul Ball, location: 2F
1-1: Foul Ball, location: 2F
1-2: Ball
2-2: Strikes out swinging
Batting: RHB Norm Mercer 0-0: Called Strike
0-1: Ball
1-1: Foul Ball, location: 2F
1-2: Ball
2-2: Strikes out looking
Top of the 9th over - 0 runs, 0 hits, 0 errors, 0 left on base; Dunedin 2 - Jupiter 0
BOTTOM OF THE 9TH
Jupiter Hammerheads batting - Pitching for Dunedin Blue Jays : RHP Dave Kurtz
Pitching: RHP Matt Still
Now at 2B: Luis Reyes
Now in LF: Jose Ontiveros
Batting: LHB David Doge 0-0: Foul Ball, location: 2F
0-1: Ball
1-1: Fly out, F8 (Flyball, 8RM, EV 86.9 MPH)
Batting: RHB Nick Dunton 0-0: Swinging Strike
0-1: Swinging Strike
0-2: Ball
1-2: Ball
2-2: Foul Ball, location: 2F
2-2: Ball
3-2: Foul Ball, location: 2F
3-2: Strikes out swinging
Batting: RHB Manuel Taveras 0-0: Called Strike
0-1: Swinging Strike
0-2: Ball
1-2: Strikes out swinging
Bottom of the 9th over - 0 runs, 0 hits, 0 errors, 0 left on base; Dunedin 2 - Jupiter 0
Tuesday, September 13th , 2022 - OOTP Baseball 23.7 Build 88